 Dungeon Crawl Stone Soup version 0.20-b1-24-gb21faa7 (webtiles) character file.

11849 bobbobbob the Unseen (level 11, 0/50 HPs)
             Began as a Spriggan Enchanter on May 23, 2017.
             Was a Follower of Ashenzari.
             Splashed by an acid dragon's acid (7 damage)
             ... on level 10 of the Dungeon on May 25, 2017.
             The game lasted 01:15:53 (13708 turns).

bobbobbob the Unseen (Spriggan Enchanter)          Turns: 13708, Time: 01:15:54

Health: 0/50       AC:  4    Str:  4    XL:     11   Next: 54%
Magic:  22/27      EV: 22    Int: 18    God:    Ashenzari [*.....]
Gold:   547        SH:  0    Dex: 19    Spells: 26/33 levels left

rFire    . . .     SeeInvis +   b - +0 dagger
rCold    . . .     Gourm    .   (shield restricted)
rNeg     . . .     Faith    .   A - +2 robe {Archmagi} (curse)
rPois    .         Spirit   .   (helmet restricted)
rElec    .         Reflect  .   M - scarf {cloud immunity}
rCorr    +         Harm     .   (gloves unavailable)
MR       +....                  (boots unavailable)
Stlth    +++++++...             (no amulet)
Regen    0.2/turn               j - ring of stealth (curse)
MPRegen  0.2/turn               v - ring of resist corrosion

@: very quick
A: unfitting armour, see invisible, herbivore 3, speed 3, slow metabolism 2
a: Curse Item, Scrying, Renounce Religion


You were on level 10 of the Dungeon.
You worshipped Ashenzari.
Ashenzari was aware of your devotion.
You were not hungry.

You visited 1 branch of the dungeon, and saw 10 of its levels.

You collected 547 gold pieces.

Inventory:

Hand Weapons
 a - a +1 dagger
 b - a +0 dagger (weapon)
 m - a +3 quarterstaff of chaos
 L - a +0 long sword
 O - a +0 short sword
Armour
 n - a +0 cloak
 A - a cursed +2 robe of the Archmagi (worn)
 H - a +2 robe of cold resistance
 M - a scarf of cloud immunity (worn)
Jewellery
 j - a cursed ring of stealth (left hand)
 v - a ring of resist corrosion (right hand)
 C - an uncursed ring of ice
 D - a +4 ring of strength
 N - an uncursed amulet of rage
 P - an uncursed amulet of harm
 T - an uncursed ring of see invisible
Wands
 x - a wand of enslavement (15/24)
 y - a wand of digging (14/24)
 B - a wand of flame (23/48)
 J - a wand of disintegration (8/24)
 Q - a wand of acid (5/15)
 R - a wand of clouds (7/9)
 S - a wand of confusion (12/48)
Scrolls
 d - a scroll of noise {unknown}
 f - 6 scrolls of teleportation {unknown}
 h - 3 scrolls of enchant armour {unknown}
 i - 2 scrolls of enchant weapon {unknown}
 l - 9 scrolls of identify
 o - 4 scrolls of blinking {unknown}
 p - 2 scrolls of vulnerability {unknown}
 s - 2 scrolls of fear {unknown}
 t - 6 scrolls of remove curse
 G - 2 scrolls of amnesia {unknown}
 I - a scroll of magic mapping {unknown}
Potions
 e - 3 potions of lignification {unknown}
 g - 3 potions of flight {unknown}
 k - 2 potions of mutation {unknown}
 q - 3 potions of ambrosia {unknown}
 r - a potion of magic {unknown}
 u - 2 potions of curing {unknown}
 w - 3 potions of invisibility {unknown}
 K - a potion of heal wounds {unknown}
Books
 c - a book of Maledictions

   Spells                             Type                      Level
   a - Corona                         Hexes                        1
   b - Ensorcelled Hibernation        Hexes/Ice                    2
   c - Confuse                        Hexes                        3
   d - Tukima's Dance                 Hexes                        3
   e - Dazzling Spray                 Conjuration/Hexes            3
 E - a book of Conjurations

   Spells                             Type                      Level
   a - Magic Dart                     Conjuration                  1
   b - Searing Ray                    Conjuration                  2
   c - Dazzling Spray                 Conjuration/Hexes            3
   d - Fulminant Prism                Conjuration/Hexes            4
   e - Force Lance                    Conjuration/Translocation    4
   f - Iskenderun's Mystic Blast      Conjuration                  4
 F - the Almanac of Icy Clay
   (You found it on level 7 of the Dungeon)

   Spells                             Type                      Level
   a - Ice Form                       Ice/Transmutation            4
   b - Lee's Rapid Deconstruction     Earth                        5
   c - Statue Form                    Transmutation/Earth          6
Comestibles
 z - 6 bread rations


   Skills:
 + Level 2.2 Fighting
 + Level 5.2 Short Blades
 + Level 6.3 Dodging
 + Level 15.3 Stealth
 + Level 11.5 Spellcasting
 + Level 2.1 Conjurations
 + Level 11.9 Hexes


You had 26 spell levels left.
You knew the following spells:

 Your Spells              Type           Power        Failure   Level  Hunger
a - Corona                Hex            ######.      1%          1    None
b - Confuse               Hex            ######..     1%          3    None
c - Dazzling Spray        Conj/Hex       ######       1%          3    None


Dungeon Overview and Level Annotations

Branches:
Dungeon (10/15)            Temple (0/1) D:6
   Lair: D:8-11         Orc: D:9-12

Altars:
Ashenzari
Dithmenos
Fedhas
Gozag
Hepliaklqana
Kikubaaqudgha
Nemelex Xobeh
Xom
Yredelemnul


Innate Abilities, Weirdness & Mutations

You are very small and have problems with some larger weapons.
You are too small for most types of armour.
You have supernaturally acute eyesight. (SInv)
You are a herbivore.
You cover ground extremely quickly.
You need consume almost no food.


Message History

The komodo dragon hisses angrily.
The basilisk hisses angrily.
The iguana hisses angrily.
You hit the bullfrog skeleton.
The bullfrog skeleton is heavily damaged.
The acid dragon roars!
The acid dragon spits acid at you. The splash of acid hits you! You resist.
You are splashed with acid!
The acid burns!
You resist. The komodo dragon bites you!!
* * * LOW HITPOINT WARNING * * *
You hear an angry hiss.
The acid dragon completely misses you. x2
The basilisk hisses menacingly.
The basilisk gazes at you. You resist with almost no effort.
The acid dragon is no longer blind.
The acid dragon spits acid at you. The splash of acid hits you! You resist.
* * * LOW HITPOINT WARNING * * *
You are splashed with acid!
The acid burns!
You resist.
You die...

......[.#..# ###....[###
........##.#########.......##
............................#
.......###}.#######..########
.......#............##
######################
#####.#.####..####
##.........###.#..## . ##
##....###..@..l.l.#.#...
.#####..##.# ###..Z...l...#..
###...##(### #.###.#.D......l
...####### ## ##.##.......
#### ..## ....#.. ### ####.!.
.## #


You could see a komodo dragon, a basilisk, an acid dragon, an iguana and a
bullfrog skeleton (confused).

Vanquished Creatures
  Snorg (D:10)
  5 two-headed ogres
  An unseen horror (D:10)
  Pikel (D:6)
  An ugly thing (D:10)
  A centaur zombie (D:10)
  The ghost of mike2R the Destroyer, a novice DECj of Sif Muna (D:6)
  Joseph (D:10)
  2 trolls
  The ghost of graki42 the Shield-Bearer, an amateur FoFi (D:3)
  3 yaks (D:10)
  A vampire (D:8)
  A basilisk (D:10)
  Menkaure (D:4)
  2 orc warriors (D:8)
  A slave (D:6)
  3 sky beasts
  A black bear (D:8)
  3 ice beasts
  6 ogres
  3 centaurs
  2 big kobolds
  Blork the orc (D:6)
  4 bullfrogs
  A water moccasin skeleton (D:8)
  A scorpion (D:8)
  5 killer bees (D:7)
  3 howler monkeys
  3 crimson imps
  3 jellies
  Crazy Yiuf (D:2)
  6 hounds
  5 orc priests
  7 orc wizards
  4 bullfrog skeletons
  2 centaur skeletons
  3 iguanas
  11 worker ants
  A killer bee zombie (D:5)
  A hound zombie (D:9)
  2 hound skeletons
  A mummy (D:9)
  A howler monkey skeleton (D:10)
  13 adders
  7 gnolls (D:7)
  2 shadow imps
  An ooze (D:1)
  An adder skeleton (D:6)
  5 worms
  A dart slug (D:1)
  5 leopard geckos
  32 orcs
  3 ball pythons
  6 bats
  5 giant cockroaches
  5 goblins
  5 hobgoblins
  18 jackals
  20 kobolds
  3 quokkas
  6 frilled lizards
  A jackal skeleton (D:3)
  A leopard gecko skeleton (D:9)
  A quokka skeleton (D:7)
  7 rats
  2 fungi (D:2)
258 creatures vanquished.

Vanquished Creatures (others)
  A worker ant (D:6)
1 creature vanquished.

Grand Total: 259 creatures vanquished

Notes
Turn   | Place    | Note
-------+----------+-------------------------------------------
     0 | D:1      | bobbobbob the Spriggan Enchanter began the quest for the Orb.
     0 | D:1      | Reached XP level 1. HP: 9/9 MP: 5/5
   261 | D:1      | Reached XP level 2. HP: 4/13 MP: 3/6
  1438 | D:2      | Reached XP level 3. HP: 8/16 MP: 5/8
  1491 | D:2      | Reached skill level 5 in Stealth
  1545 | D:2      | Learned a level 3 spell: Confuse
  2348 | D:2      | Reached XP level 4. HP: 21/21 MP: 5/9
  2705 | D:2      | Found a runed door.
  2709 | D:2      | Noticed Crazy Yiuf
  2727 | D:2      | Killed Crazy Yiuf
  2833 | D:3      | Noticed graki42's ghost (amateur FoFi)
  3391 | D:2      | Learned a level 3 spell: Dazzling Spray
  3405 | D:3      | Killed graki42's ghost
  3405 | D:3      | Reached skill level 6 in Stealth
  3405 | D:3      | Reached skill level 5 in Hexes
  3405 | D:3      | Reached XP level 5. HP: 17/24 MP: 5/13
  3405 | D:3      | Reached XP level 6. HP: 19/28 MP: 5/14
  3898 | D:3      | Upgraded the game from 0.21-a0-13-g3fd62ac to 0.20-b1-18-gaa2fd62
  4298 | D:3      | Found a shimmering altar of Xom.
  4882 | D:4      | Reached skill level 7 in Stealth
  4960 | D:4      | Found a basalt altar of Yredelemnul.
  5112 | D:4      | Reached skill level 5 in Spellcasting
  5112 | D:4      | Reached XP level 7. HP: 32/32 MP: 15/15
  5153 | D:4      | Found an ancient bone altar of Kikubaaqudgha.
  5232 | D:4      | Noticed Menkaure
  5246 | D:4      | Killed Menkaure
  5246 | D:4      | Reached skill level 8 in Stealth
  5390 | D:4      | Found a shimmering altar of Xom.
  5442 | D:5      | Entered Level 5 of the Dungeon
  6135 | D:5      | Reached skill level 9 in Stealth
  6236 | D:5      | Reached XP level 8. HP: 37/37 MP: 14/18
  6503 | D:5      | Found a blossoming altar of Fedhas.
  6703 | D:6      | Noticed mike2R's ghost (novice DECj)
  6708 | D:5      | Upgraded the game from 0.20-b1-18-gaa2fd62 to 0.20-b1-24-gb21faa7
  6767 | D:6      | Found a hazy altar of Hepliaklqana.
  6972 | D:6      | Noticed Blork the orc
  6991 | D:6      | Killed Blork the orc
  6994 | D:6      | Reached skill level 10 in Stealth
  7714 | D:6      | Killed mike2R's ghost
  7714 | D:6      | Reached skill level 1 in Fighting
  7714 | D:6      | Reached skill level 1 in Conjurations
  7766 | D:6      | Reached XP level 9. HP: 41/41 MP: 8/21
  7833 | D:6      | Noticed Pikel
  7843 | D:6      | Killed Pikel
  7843 | D:6      | Reached skill level 5 in Dodging
  7843 | D:6      | Reached skill level 11 in Stealth
  8025 | D:6      | Found a staircase to the Ecumenical Temple.
  8104 | D:6      | Found a basalt altar of Yredelemnul.
  8310 | D:7      | Identified the Almanac of Icy Clay
  8325 | D:7      | Found a shattered altar of Ashenzari.
  9523 | D:7      | Became a worshipper of Ashenzari the Shackled
  9712 | D:7      | Found an opulent altar of Gozag.
  9713 | D:7      | Found a sparkling altar of Nemelex Xobeh.
  9792 | D:8      | Reached skill level 12 in Stealth
 10136 | D:8      | Noticed a troll
 10139 | D:8      | Killed a troll
 10139 | D:8      | Reached XP level 10. HP: 46/46 MP: 24/24
 10235 | D:8      | Noticed a two-headed ogre
 10249 | D:8      | HP: 2/46 [two-headed ogre/giant club (27)]
 10271 | D:8      | Killed a two-headed ogre
 10271 | D:8      | Reached skill level 13 in Stealth
 10271 | D:8      | Reached skill level 10 in Hexes
 10581 | D:8      | Noticed a two-headed ogre
 10603 | D:8      | Killed a two-headed ogre
 10924 | D:8      | Found a shadowy altar of Dithmenos.
 10940 | D:8      | Reached skill level 10 in Spellcasting
 11105 | D:8      | Found a blossoming altar of Fedhas.
 12039 | D:9      | Reached skill level 14 in Stealth
 12435 | D:10     | Entered Level 10 of the Dungeon
 12435 | D:10     | Noticed Joseph
 12438 | D:10     | Killed Joseph
 12507 | D:10     | Noticed a two-headed ogre
 12904 | D:10     | Noticed an unseen horror
 12911 | D:10     | Killed an unseen horror
 12911 | D:10     | Reached XP level 11. HP: 38/50 MP: 20/26
 12964 | D:10     | Reached * piety under Ashenzari
 13026 | D:10     | Killed a two-headed ogre
 13026 | D:10     | Reached skill level 5 in Short Blades
 13147 | D:10     | Noticed a green ugly thing
 13152 | D:10     | Noticed a two-headed ogre
 13153 | D:10     | Noticed Snorg
 13154 | D:10     | Killed a green ugly thing
 13207 | D:10     | Killed a two-headed ogre
 13215 | D:10     | Killed Snorg
 13215 | D:10     | Reached skill level 15 in Stealth
 13447 | D:10     | Noticed a two-headed ogre
 13464 | D:10     | Killed a two-headed ogre
 13708 | D:10     | Splashed by an acid dragon's acid

Skill      XL: |  1  2  3  4  5  6  7  8  9 10 11 |
---------------+----------------------------------+-----
Hexes          | 4 5 6 7 8 9 11 | 11.9
Stealth        | 5 6 7 9 10 12 14 15 | 15.3
Spellcasting   | 3 4 5 6 7 9 10 11 | 11.5
Short Blades   | 2 3 4 5 |  5.2
Dodging        | 4 5 6 |  6.3
Fighting       | 1 2 |  2.2
Conjurations   | 1 2 |  2.1

Action                   |  1- 3 |  4- 6 |  7- 9 | 10-12 || total
-------------------------+-------+-------+-------+-------++-------
Melee: Dagger            |   129 |   200 |   276 |   209 ||   814
 Cast: Corona            |    23 |     1 |       |       ||    24
       Confuse           |    10 |    68 |    81 |    59 ||   218
       Dazzling Spray    |       |     1 |    39 |    31 ||    71
Invok: Curse Item        |       |       |     2 |       ||     2
  Use: Scroll            |       |       |     1 |     2 ||     3
 Stab: Sleeping          |     8 |    11 |    20 |    19 ||    58
       Confused          |     5 |    30 |    49 |    44 ||   128
       Distracted        |     1 |       |       |       ||     1
       Invisible         |       |       |    12 |     2 ||    14
  Eat: Bread ration      |       |     2 |       |       ||     2
       Royal jelly       |       |     1 |     2 |     2 ||     5
Armor: Robe              |     9 |    11 |    25 |     7 ||    52
Dodge: Dodged            |    92 |    93 |   215 |    91 ||   491
